 Dungeon Crawl Stone Soup version 0.28-a0-630-g0357d9c091 (webtiles) character file.

Game seed: 12476805050329497624

8807 Gargoyl the Fighter (level 11, -2/145 HPs)
             Began as a Gnoll Abyssal Knight on Oct 9, 2021.
             Was an Elder of Lugonu.
             Slain by Erolcha (13 damage)
             ... on level 10 of the Dungeon.
             The game lasted 00:17:11 (14663 turns).

Gargoyl the Fighter (Gnoll Abyssal Knight)         Turns: 14663, Time: 00:17:12

Health: -2/145     AC: 20    Str: 16    XL:     11   Next: 36%
Magic:  20/20      EV:  7    Int:  9    God:    Lugonu [****..]
Gold:   465        SH: 10    Dex: 11    Spells: 22/22 levels left

rFire   + + +      SeeInvis .   e - +3 dagger (venom)
rCold   + . .      Faith    .   C - +0 buckler
rNeg    + . .      Spirit   .   r - +2 plate armour {rF+}
rPois   +          Reflect  +   m - +2 helmet
rElec   .          Harm     .   l - scarf {rC+ rF+}
rCorr   .          Rampage  .   w - +0 pair of gloves
Will    .....      Rnd*Tele +   (no boots)
Stlth   ..........              i - amulet of reflection
HPRegen 0.34/turn               j - ring of protection from fire
MPRegen 0.17/turn               d - ring of positive energy

@: berserking, very quick
A: fangs 1, strong nose, distributed training, clumsy 1, poison resistance,
robust 1, teleportitis 1
a: Renounce Religion, Depart the Abyss, Bend Space, Banish, Corrupt


You were on level 10 of the Dungeon.
You worshipped Lugonu.
Lugonu was greatly pleased with you.
You visited 1 branch of the dungeon, and saw 11 of its levels.
You visited the Abyss 1 time.
You also visited: Sewer.

You collected 637 gold pieces.
You spent 172 gold pieces at shops.

Inventory:

Hand Weapons
 a - a +2 hand axe
 e - a +3 dagger of venom (weapon)
 v - a +4 quarterstaff of chaos
 E - a +3 scimitar of flaming
Missiles
 f - 83 poisoned darts (quivered)
 I - a throwing net
Armour
 l - a scarf of resistance (worn)
 m - a +2 helmet (worn)
 r - a +2 plate armour of fire resistance (worn)
 w - a +0 pair of gloves (worn)
 C - a +0 buckler (worn)
 J - the +0 chain mail of Cutam {rN+}
   (You found it on level 9 of the Dungeon)

   rN:        It protects you from negative energy.
Jewellery
 d - a ring of positive energy (right hand)
 i - an amulet of reflection (around neck)
 j - a ring of protection from fire (left hand)
 o - a ring of flight
Wands
 b - a wand of polymorph (3)
 x - a wand of acid (12)
 y - a wand of iceblast (2)
 B - a wand of flame (19)
 D - a wand of mindburst (7)
 H - a wand of digging (6)
Scrolls
 g - 6 scrolls of enchant armour
 h - 7 scrolls of identify
 k - a scroll of fear
 t - 5 scrolls of teleportation
 z - 2 scrolls of blinking
 F - a scroll of amnesia
Potions
 c - 4 potions of curing
 n - a potion of berserk rage
 p - 3 potions of flight
 q - a potion of brilliance
 u - 4 potions of might
 A - a potion of resistance


   Skills:
 + Level 9.1 Fighting
 + Level 6.2 Short Blades
 + Level 6.2 Long Blades
 + Level 7.8 Axes
 + Level 6.2 Maces & Flails
 + Level 6.2 Polearms
 + Level 6.2 Staves
 + Level 6.2 Slings
 + Level 6.2 Bows
 + Level 6.2 Crossbows
 + Level 6.2 Throwing
 + Level 7.8 Armour
 + Level 6.8 Dodging
 + Level 6.2 Stealth
 + Level 6.2 Shields
 + Level 6.2 Unarmed Combat
 + Level 6.2 Spellcasting
 + Level 5.1 Conjurations
 + Level 5.1 Hexes
 + Level 5.1 Summonings
 + Level 5.1 Necromancy
 + Level 5.1 Translocations
 + Level 5.1 Transmutations
 + Level 5.1 Fire Magic
 + Level 5.1 Ice Magic
 + Level 5.1 Air Magic
 + Level 5.1 Earth Magic
 + Level 5.1 Poison Magic
 + Level 8.3 Invocations
 + Level 6.2 Evocations


You had 22 spell levels left.
You didn't know any spells.
Your spell library contained the following spells:

 Spells                   Type           Power      Damage    Failure   Level
 Summon Small Mammal      Summ           48%        N/A       69%         1
 Slow                     Hex            12%        N/A       83%         2
 Call Canine Familiar     Summ           12%        N/A       96%         3
 Confusing Touch          Hex            12%        N/A       96%         3
 Conjure Flame            Conj/Fire      12%        6-21      96%         3
 Ignite Poison            Fire/Tmut/Pois 12%        N/A       96%         3
 Mephitic Cloud           Conj/Pois/Air  12%        N/A       96%         3
 Summon Guardian Golem    Hex/Summ       12%        N/A       96%         3
 Vampiric Draining        Necr           6%         2d6       96%         3
 Sticky Flame             Conj/Fire      12%        2d4       100%        4
 Freezing Cloud           Conj/Ice/Air   6%         6-21      100%        5
 Orb of Destruction       Conj           6%         9d3       100%        7
 Spellforged Servitor     Conj/Summ      6%         N/A       100%        7


Dungeon Overview and Level Annotations

Branches:
Dungeon (11/15)            Temple (0/1) D:4           Sewer (visited)
   Lair: D:8-11         Orc: D:9-12

Altars:
Ashenzari
Cheibriados
Elyvilon
Fedhas
Gozag
Makhleb
Nemelex Xobeh
Okawaru
Sif Muna
Uskayaw
Xom
The Shining One

Shops:
D:9 :   D:10 *

Annotations:
D:10 Erolcha


Innate Abilities, Weirdness & Mutations

You have very sharp teeth.
Your uncanny sense of smell can sniff out nearby items.
Your experience applies equally to all skills.
You are clumsy. (Dex -2)
Your system is resistant to poisons. (rPois)
You are robust. (+10% HP)
You are occasionally teleported next to monsters.


Message History

You hit something but do no damage. Something hits you!
You closely miss something. Something hits you!
You closely miss something. You bite something. You hit something.
Something hits you!!
You closely miss something. Something hits you!
Your plate armour prevents you from hitting something.
You hit something. Something hits you!
* * * LOW HITPOINT WARNING * * *
You hit something but do no damage. Something hits you!
* * * LOW HITPOINT WARNING * * *
You feel much better. Something hits you but does no damage.
You hit something.
Aiming: Polymorph
Press: ? - help, Shift-Dir - straight line Nothing appears to happen.
Something hits you!
* * * LOW HITPOINT WARNING * * *
Unknown command.
Throw: 86 darts (poison)
Press: ? - help, Q - select action, (/) - cycle Shift-Dir - straight line You throw a poisoned dart.
Something hits you but does no damage.
Unknown command.
Throw: 85 darts (poison)
Press: ? - help, Q - select action, (/) - cycle Shift-Dir - straight line You throw a poisoned dart.
Something hits you but does no damage.
Throw: 84 darts (poison)
Press: ? - help, Q - select action, (/) - cycle Shift-Dir - straight line You throw a poisoned dart.
You hit something but do no damage. Your bite misses something.
Something hits you!
* * * LOW HITPOINT WARNING * * *
You feel much better. Something hits you!
* * * LOW HITPOINT WARNING * * *
A red film seems to cover your vision as you go berserk!
You feel yourself moving faster!
You feel mighty! Something hits you!!
* * * LOW HITPOINT WARNING * * *
Your plate armour prevents you from hitting something.
Something hits you!
You die...

# #....... ###......
..)..#.#.## ###........
## .....#.##.#### ...
.......#..##.# ###..#
.....###..##.# .....#
.#######..##.####.....#
................@{...(#
...#.##...##.####.......
......'......## ....###
.##...#.[.....# [...#
###..(#...)...# ......
###...#.......# .....#.
......#.......# .....#
......+.......###.....#
..#...##...........#


There were no monsters in sight!

Vanquished Creatures
  Harold (D:9)
  Erica (D:8)
  A two-headed ogre (D:8)
  Joseph (D:7)
  Maggie (D:7)
  A troll (D:9)
  Prince Ribbit (D:8)
  2 hornets
  A meliai zombie (D:10)
  A wyvern (D:7)
  Sigmund (D:2)
  5 yaks (D:6)
  A steam dragon (D:10)
  Menkaure (D:5)
  A black bear (D:6)
  Duvessa (D:5)
  An orc warrior (D:11)
  3 sky beasts
  3 ogres
  2 necrophages
  4 centaurs
  2 phantoms (D:6)
  4 kobold brigands
  4 bullfrogs
  A scorpion (D:6)
  A water moccasin zombie (D:5)
  Dowan (D:5)
  8 killer bees
  8 howler monkeys
  3 wights (D:6)
  2 electric eels (D:10)
  2 bullfrog zombies
  A crimson imp (D:6)
  A centaur zombie (D:7)
  2 hounds (D:5)
  A jelly (D:5)
  3 orc priests
  2 centaur skeletons
  Crazy Yiuf (D:4)
  Ijyb (D:5)
  An iguana (D:3)
  3 orc wizards
  4 howler monkey zombies
  Robin (D:2)
  6 gnolls
  A river rat (D:4)
  10 adders
  A white imp (D:7)
  4 worms
  2 dart slugs (D:1)
  19 orcs
  16 ball pythons
  9 bats
  16 endoplasms
  6 giant cockroaches
  17 goblins
  6 hobgoblins
  14 jackals
  8 quokkas
  4 frilled lizards
  27 kobolds
  3 rats (D:1)
260 creatures vanquished.

Notes
Turn   | Place    | Note
-------+----------+-------------------------------------------
     0 | Abyss:1  | Gargoyl the Gnoll Abyssal Knight began the quest for the
                  | Orb.
     0 | Abyss:1  | Reached XP level 1. HP: 23/23 MP: 3/3
    78 | Abyss:1  | Noticed a small abomination
    97 | D:1      | Escaped the Abyss
   141 | D:1      | Reached * piety under Lugonu
   153 | D:1      | Reached XP level 2. HP: 19/29 MP: 5/5
   463 | D:1      | Reached XP level 3. HP: 35/35 MP: 6/6
   680 | D:1      | Found a faded altar of an unknown god.
  1056 | D:1      | Reached skill level 1 in Short Blades
  1056 | D:1      | Reached skill level 1 in Long Blades
  1056 | D:1      | Reached skill level 1 in Maces & Flails
  1056 | D:1      | Reached skill level 1 in Polearms
  1056 | D:1      | Reached skill level 1 in Staves
  1056 | D:1      | Reached skill level 1 in Slings
  1056 | D:1      | Reached skill level 1 in Bows
  1056 | D:1      | Reached skill level 1 in Crossbows
  1056 | D:1      | Reached skill level 1 in Throwing
  1056 | D:1      | Reached skill level 1 in Stealth
  1056 | D:1      | Reached skill level 1 in Shields
  1056 | D:1      | Reached skill level 1 in Unarmed Combat
  1056 | D:1      | Reached skill level 1 in Spellcasting
  1056 | D:1      | Reached skill level 1 in Evocations
  1180 | D:2      | Reached ** piety under Lugonu
  1181 | D:2      | Reached XP level 4. HP: 33/41 MP: 7/7
  1319 | D:2      | Noticed Robin
  1330 | D:2      | Killed Robin
  1337 | D:2      | Reached skill level 1 in Conjurations
  1337 | D:2      | Reached skill level 1 in Hexes
  1337 | D:2      | Reached skill level 1 in Summonings
  1337 | D:2      | Reached skill level 1 in Necromancy
  1337 | D:2      | Reached skill level 1 in Translocations
  1337 | D:2      | Reached skill level 1 in Transmutations
  1337 | D:2      | Reached skill level 1 in Fire Magic
  1337 | D:2      | Reached skill level 1 in Ice Magic
  1337 | D:2      | Reached skill level 1 in Air Magic
  1337 | D:2      | Reached skill level 1 in Earth Magic
  1337 | D:2      | Reached skill level 1 in Poison Magic
  1608 | D:2      | Noticed Sigmund
  1624 | D:2      | Killed Sigmund
  1625 | D:2      | Reached skill level 5 in Invocations
  1625 | D:2      | Reached XP level 5. HP: 47/47 MP: 8/8
  1625 | D:2      | Reached XP level 6. HP: 53/53 MP: 9/9
  2383 | D:3      | Reached skill level 5 in Axes
  2383 | D:3      | Reached skill level 5 in Armour
  2698 | D:3      | Noticed a necrophage
  2720 | D:3      | Killed a necrophage
  3205 | D:4      | Found a glowing drain.
  3240 | Sewer    | Entered a sewer
  3253 | Sewer    | Reached *** piety under Lugonu
  3467 | Sewer    | Reached XP level 7. HP: 59/59 MP: 10/10
  3563 | Sewer    | Gained mutation: Your system is resistant to poisons.
                  | (rPois) [potion of mutation]
  3563 | Sewer    | Gained mutation: You are clumsy. (Dex -2) [potion of
                  | mutation]
  3563 | Sewer    | Gained mutation: You are occasionally teleported next to
                  | monsters. [potion of mutation]
  3563 | Sewer    | Gained mutation: You are robust. (+10% HP) [potion of
                  | mutation]
  4229 | D:4      | Found a runed translucent door.
  4230 | D:4      | Noticed Crazy Yiuf
  4277 | D:4      | Found a snail-covered altar of Cheibriados.
  4371 | D:4      | Found a staircase to the Ecumenical Temple.
  4491 | D:4      | Reached skill level 7 in Fighting
  4521 | D:4      | Found a blossoming altar of Fedhas.
  4690 | D:4      | Killed Crazy Yiuf
  4718 | D:4      | Identified the +7 mace "Cookie Cutter" {vorpal, rElec rPois
                  | Str-4}
  4766 | D:5      | Entered Level 5 of the Dungeon
  5199 | D:5      | Noticed Duvessa
  5199 | D:5      | Noticed Dowan
  5214 | D:5      | Killed Duvessa
  5217 | D:5      | Killed Dowan
  5218 | D:5      | Reached XP level 8. HP: 60/73 MP: 12/12
  5580 | D:5      | Noticed Ijyb
  5589 | D:5      | Killed Ijyb
  5589 | D:5      | Noticed Menkaure
  5595 | D:5      | Killed Menkaure
  6392 | D:6      | Reached **** piety under Lugonu
  6739 | D:6      | Reached XP level 9. HP: 77/80 MP: 14/14
  7444 | D:6      | Found an iron altar of Okawaru.
  7460 | D:6      | Reached skill level 5 in Dodging
  7577 | D:6      | Reached skill level 8 in Fighting
  8144 | D:6      | Found a burning altar of Makhleb.
  8144 | D:6      | Found a shimmering altar of Xom.
  8600 | D:7      | Noticed Joseph
  8632 | D:7      | Killed Joseph
  8633 | D:7      | Reached XP level 10. HP: 48/88 MP: 15/17
  8918 | D:7      | Reached skill level 5 in Short Blades
  8918 | D:7      | Reached skill level 5 in Long Blades
  8918 | D:7      | Reached skill level 5 in Maces & Flails
  8918 | D:7      | Reached skill level 5 in Polearms
  8918 | D:7      | Reached skill level 5 in Staves
  8918 | D:7      | Reached skill level 5 in Slings
  8918 | D:7      | Reached skill level 5 in Bows
  8918 | D:7      | Reached skill level 5 in Crossbows
  8918 | D:7      | Reached skill level 5 in Throwing
  8918 | D:7      | Reached skill level 5 in Stealth
  8918 | D:7      | Reached skill level 5 in Shields
  8918 | D:7      | Reached skill level 5 in Unarmed Combat
  8918 | D:7      | Reached skill level 5 in Spellcasting
  8918 | D:7      | Reached skill level 5 in Evocations
  9070 | D:7      | Noticed Maggie
  9092 | D:7      | Killed Maggie
  9323 | D:7      | Found a glowing golden altar of the Shining One.
 10825 | D:8      | Noticed Erica
 10845 | D:8      | Killed Erica
 11176 | D:8      | Noticed Prince Ribbit
 11200 | D:8      | Killed Prince Ribbit
 11260 | D:8      | Found a sparkling altar of Nemelex Xobeh.
 11300 | D:8      | Found a white marble altar of Elyvilon.
 11690 | D:9      | Reached ***** piety under Lugonu
 11691 | D:9      | Noticed Harold
 11749 | D:9      | Found Wuvysym's Self-Improvement Boutique.
 11763 | D:9      | Killed Harold
 11771 | D:9      | Noticed a two-headed ogre
 11775 | D:9      | Reached XP level 11. HP: 68/95 MP: 19/19
 11807 | D:8      | Killed a two-headed ogre
 11808 | D:8      | Reached skill level 9 in Fighting
 12295 | D:9      | Found a broken altar of Ashenzari.
 12385 | D:9      | Found an opulent altar of Gozag.
 12385 | D:9      | Found a hide-covered altar of Uskayaw.
 12486 | D:9      | Reached skill level 5 in Conjurations
 12486 | D:9      | Reached skill level 5 in Hexes
 12486 | D:9      | Reached skill level 5 in Summonings
 12486 | D:9      | Reached skill level 5 in Necromancy
 12486 | D:9      | Reached skill level 5 in Translocations
 12486 | D:9      | Reached skill level 5 in Transmutations
 12486 | D:9      | Reached skill level 5 in Fire Magic
 12486 | D:9      | Reached skill level 5 in Ice Magic
 12486 | D:9      | Reached skill level 5 in Air Magic
 12486 | D:9      | Reached skill level 5 in Earth Magic
 12486 | D:9      | Reached skill level 5 in Poison Magic
 12892 | D:9      | Identified the +0 chain mail of Cutam {rN+}
 12948 | D:10     | Entered Level 10 of the Dungeon
 14268 | D:10     | Found Cogos's CLEARANCE SALE!.
 14274 | D:10     | Bought a +2 plate armour of fire resistance for 160 gold
                  | pieces
 14274 | D:10     | Bought a potion of curing for 12 gold pieces
 14427 | D:10     | Found a shimmering blue altar of Sif Muna.
 14638 | D:10     | Noticed Erolcha
 14663 | D:10     | Slain by Erolcha

Illustrated notes

Levels and vault maps discovered:
D:1:      dpeg_arrival_stonehenge_12_columns, layout_loops_ring,
          shapermc_ecumenical_altar_venn, minmay_close_crescents
D:2:      layout_rooms, uniq_robin, uniq_sigmund
D:3:      layout_loops_cross, minmay_crystal_room, kennysheep_decorative_pillar
D:4:      layout_loops_cross, general_overflow_altar, overflow_temple_1_default,
          temple_fountains, portal_sewer_entry_a, uniq_crazy_yiuf_cottage
D:5:      layout_basic, nicolae_overflow_hidden_temple, uniq_menkaure,
          uniq_duvessa, uniq_ijyb
D:6:      layout_basic, grunt_temple_overflow_champion_of_chaos,
          mainiacjoe_overflow_small_starburst, st_stairs_4
D:7:      layout_loops_ring, lemuel_doored_altar, uniq_joseph, uniq_maggie
D:8:      layout_cave_pods, kennysheep_little_box, overflow_temple_1_default,
          st_stairs_6, minmay_misc_feat_roman, uniq_erica, uniq_prince_ribbit1
D:9:      layout_loops_cross, gammafunk_temple_overflow_wave, ashenzari_altar_1,
          nicolae_shop_self_help, uniq_harold
D:10:     layout_basic, tgw_sif, nicolae_shop_clearance, uniq_erolcha
D:11:     layout_gridville, dpeg_oklobed_lair, david_orc_1_choice

Skill      XL: |  1  2  3  4  5  6  7  8  9 10 11 |
---------------+----------------------------------+-----
Short Blades   | 1 2 3 4 5 6 |  6.2
Long Blades    | 1 2 3 4 5 6 |  6.2
Maces & Flails | 1 2 3 4 5 6 |  6.2
Polearms       | 1 2 3 4 5 6 |  6.2
Staves         | 1 2 3 4 5 6 |  6.2
Slings         | 1 2 3 4 5 6 |  6.2
Bows           | 1 2 3 4 5 6 |  6.2
Crossbows      | 1 2 3 4 5 6 |  6.2
Throwing       | 1 2 3 4 5 6 |  6.2
Stealth        | 1 2 3 4 5 6 |  6.2
Shields        | 1 2 3 4 5 6 |  6.2
Unarmed Combat | 1 2 3 4 5 6 |  6.2
Spellcasting   | 1 2 3 4 5 6 |  6.2
Evocations     | 1 2 3 4 5 6 |  6.2
Conjurations   | 1 2 3 4 5 |  5.1
Hexes          | 1 2 3 4 5 |  5.1
Summonings     | 1 2 3 4 5 |  5.1
Necromancy     | 1 2 3 4 5 |  5.1
Translocations | 1 2 3 4 5 |  5.1
Transmutations | 1 2 3 4 5 |  5.1
Fire Magic     | 1 2 3 4 5 |  5.1
Ice Magic      | 1 2 3 4 5 |  5.1
Air Magic      | 1 2 3 4 5 |  5.1
Earth Magic    | 1 2 3 4 5 |  5.1
Poison Magic   | 1 2 3 4 5 |  5.1
Dodging        | 3 4 5 6 |  6.8
Invocations    | 5 6 7 8 |  8.3
Axes           | 5 6 7 |  7.8
Armour         | 5 6 7 |  7.8
Fighting       | 7 8 9 |  9.1

Action                   |  1- 3 |  4- 6 |  7- 9 | 10-12 || total
-------------------------+-------+-------+-------+-------++-------
Melee: Hand axe          |   109 |    34 |       |       ||   143
       Bite              |     6 |    14 |    54 |    65 ||   139
       Dagger            |       |   166 |   402 |   532 ||  1100
       Punch             |       |     2 |     6 |     4 ||    12
       Quarterstaff      |       |       |    67 |       ||    67
Throw: Dart              |       |       |     2 |    26 ||    28
Invok: Depart the Abyss  |     1 |       |       |       ||     1
       Banish            |       |       |       |     5 ||     5
Evoke: Wand              |       |       |       |     2 ||     2
  Use: Potion            |     3 |     3 |     2 |     3 ||    11
       Scroll            |     2 |     6 |     6 |     6 ||    20
 Stab: Confused          |       |       |     1 |       ||     1
       Held in net/web   |       |       |       |     1 ||     1
Armor: Scale mail        |    46 |    46 |       |       ||    92
       Plate armour      |       |    65 |   320 |   231 ||   616
       Chain mail        |       |       |       |    46 ||    46
Dodge: Dodged            |    51 |    81 |   100 |   141 ||   373
Block: Other             |       |    26 |   101 |    21 ||   148
       Buckler           |       |       |       |   210 ||   210
       Reflection        |       |       |       |    11 ||    11

Table legend: (Time is in decaauts)
 A = Elapsed time spent in this place.
 B = Non-inter-level travel time spent in this place.
 C = Inter-level travel time spent in this place.
 D = Time resting spent in this place.
 E = Time spent auto-exploring this place.
 F = Levels seen in this place.
 G = Mean time per level.
                   A        B        C        D        E       F      G
               +--------+--------+--------+--------+--------+-----+--------+
         Total |  14605 |  14002 |    603 |   1611 |   9560 |  13 | 1123.5 |
       Dungeon |  13674 |  13071 |    603 |   1611 |   8943 |  11 | 1243.1 |
         Abyss |     97 |     97 |      0 |      0 |     48 |   1 |   97.0 |
         Sewer |    833 |    833 |      0 |      0 |    569 |   1 |  833.0 |
               +--------+--------+--------+--------+--------+-----+--------+

Top non-repeatable levels by time:
     D:6: 2278 daAuts
     D:8: 1690 daAuts
     D:7: 1446 daAuts
    D:10: 1394 daAuts
     D:5: 1362 daAuts
     D:4: 1130 daAuts
     D:3: 1116 daAuts
     D:1: 1075 daAuts
     D:9: 954 daAuts
     D:2: 944 daAuts
   Sewer: 833 daAuts
    D:11: 281 daAuts
 Abyss:1: 97 daAuts
